 Dungeon Crawl Stone Soup version 0.20-a0-545-g8a92c22 (webtiles) character file.

3055 HarryHood the Fighter (level 9, -3/62 HPs)
             Began as a Gargoyle Berserker on Dec 24, 2016.
             Was an Elder of Trog.
             Slain by a two-headed ogre
             ... wielding a +0 giant spiked club
              (22 damage)
             ... on level 8 of the Dungeon.
             The game lasted 00:31:13 (6863 turns).

HarryHood the Fighter (Gargoyle Berserker)          Turns: 6863, Time: 00:31:13

Health: -3/62      AC: 23    Str: 26    XL:     9   Next: 87%
Magic:  9/9        EV: 13    Int:  7    God:    Trog [****..]
Gold:   478        SH:  0    Dex: 12    Spells: 8/8 levels left

rFire  . . .     SeeInvis .     y - +1 dire flail (crush)
rCold  . . .     Gourm    .     x - +1 plate armour
rNeg   + . .     Faith    .     (shield currently unavailable)
rPois  ∞         Spirit   .     v - +0 helmet
rElec  +         Reflect  .     s - +1 cloak
rCorr  .         Harm     .     (no gloves)
MR     .....                    (no boots)
Stlth  ..........               (no amulet)
                                o - +4 ring of strength
                                r - +5 ring of evasion

@: no status effects
A: negative energy resistance 1, electricity resistance, unbreathing,
petrification resistance, rot immunity, AC +5
a: Berserk, Trog's Hand, Brothers in Arms, Burn Spellbooks, Renounce Religion


You were on level 8 of the Dungeon.
You worshipped Trog.
Trog was greatly pleased with you.
You were not hungry.

You visited 2 branches of the dungeon, and saw 9 of its levels.
You also visited: Sewer.

You collected 478 gold pieces.

Inventory:

Hand Weapons
 y - a +1 dire flail of crushing (weapon)
Armour
 s - a +1 cloak (worn)
 v - a +0 helmet (worn)
 x - a +1 plate armour (worn)
Jewellery
 f - an uncursed ring of see invisible
 o - a +4 ring of strength (right hand)
 r - a +5 ring of evasion (left hand)
Scrolls
 d - a scroll of identify {@r1}
 q - 2 scrolls of teleportation
 t - 5 scrolls of remove curse {@r2}
 u - a scroll of recharging
Potions
 e - a potion of berserk rage
 g - 3 potions of heal wounds
 i - a potion of lignification {!q}
 j - a potion of haste {unknown}
 k - 5 potions of flight
 l - a potion of might
 m - 4 potions of agility
 n - a potion of ambrosia {unknown}
 p - 7 potions of curing
 z - a potion of brilliance {unknown}
Comestibles
 a - 2 slices of pizza
 b - 4 meat rations {@e3}
 c - 7 bread rations {@e1}
 h - 3 beef jerkies
 w - 2 chunks of flesh


   Skills:
 - Level 9.9 Fighting
 * Level 8.3 Maces & Flails
 - Level 7.8 Armour
 - Level 1.5 Dodging


You had 8 spell levels left.
You didn't know any spells.

Dungeon Overview and Level Annotations

Branches:
Dungeon (8/15)             Temple (1/1) D:7
   Lair: D:8-11

Altars:
Hepliaklqana
Nemelex Xobeh
Ru
The Shining One

Shops:
D:6 (


Innate Abilities, Weirdness & Mutations

You are resistant to torment.
Your stone body is resilient. (AC +5)
You are immune to poison.
You resist negative energy. (rN+)
You are resistant to electric shocks. (rElec)
You can survive without breathing.
You are immune to petrification.
You are immune to rotting.


Message History

The two-headed ogre hits you with a giant spiked club!
The two-headed ogre completely misses you.
You hit the two-headed ogre but do no damage.
The two-headed ogre is moderately wounded.
You sock the two-headed ogre!
The two-headed ogre is heavily wounded.
The two-headed ogre closely misses you.
The two-headed ogre hits you but does no damage.
You hit the two-headed ogre.
The two-headed ogre is severely wounded.
You barely miss the two-headed ogre.
The two-headed ogre is severely wounded.
The two-headed ogre hits you with a giant spiked club.
The two-headed ogre hits you with a giant spiked club!
You hit the two-headed ogre.
The two-headed ogre is severely wounded.
The two-headed ogre hits you with a giant spiked club!
* * * LOW HITPOINT WARNING * * *
The two-headed ogre hits you with a giant spiked club!!
You die...

#.#....##
#.....#
#.###...#
##....#
#.###...#
###.##
#...#...#
#.#
###.#...#
#.#
#.....##
#.#
####'#.# .
#.####....
#.@O...#
#.##......
#.. .....
#.# ....
#.# ...
#.# .# #.#
# #.


You could see a two-headed ogre.

Vanquished Creatures
  The ghost of Thrkk the Carver, a novice DsGl (D:5)
  The ghost of HarryHood the Skirmisher, an amateur GrBe of Trog (Sewer)
  A hippogriff (D:3)
  A hungry ghost (D:7)
  Duvessa (D:6)
  An ice beast (D:5)
  An orc warrior (D:7)
  2 necrophages
  5 ogres
  A centaur (D:6)
  A big kobold (Sewer)
  A wyvern zombie (D:7)
  A bullfrog (D:7)
  2 scorpions
  Dowan (D:6)
  2 crimson imps
  2 centaur skeletons
  2 orc wizards (D:3)
  A bullfrog skeleton (D:5)
  An orc priest (D:6)
  3 hounds (D:7)
  2 iguanas (D:6)
  Jessica (D:3)
  3 worker ants
  A killer bee zombie (D:7)
  2 hound zombies
  2 hound skeletons
  2 howler monkey skeletons
  9 adders
  6 river rats (Sewer)
  3 oozes
  An adder zombie (D:5)
  2 adder skeletons
  3 worms
  8 leopard geckos
  18 orcs
  6 ball pythons
  6 giant cockroaches
  7 goblins
  11 hobgoblins
  5 jackals
  6 quokkas
  6 bats
  6 frilled lizards
  30 kobolds
  A leopard gecko skeleton (D:5)
  25 rats
204 creatures vanquished.

Notes
Turn   | Place    | Note
-------+----------+-------------------------------------------
     0 | D:1      | HarryHood the Gargoyle Berserker began the quest for the Orb.
     0 | D:1      | Reached XP level 1. HP: 14/14 MP: 1/1
   136 | D:1      | Reached XP level 2. HP: 12/20 MP: 2/2
   161 | D:1      | Reached skill level 4 in Fighting
   869 | D:1      | Reached XP level 3. HP: 20/24 MP: 3/3
  1134 | D:2      | Reached ** piety under Trog
  1175 | D:2      | Reached skill level 5 in Fighting
  1709 | D:3      | Reached XP level 4. HP: 31/31 MP: 4/4
  1754 | D:3      | Found a glowing golden altar of the Shining One.
  1863 | D:3      | Noticed a hippogriff
  1873 | D:3      | Killed a hippogriff
  1873 | D:3      | Reached skill level 7 in Fighting
  1873 | D:3      | Reached XP level 5. HP: 13/38 MP: 5/5
  1873 | D:3      | Reached XP level 6. HP: 15/44 MP: 6/6
  2462 | D:3      | Found a faded altar of an unknown god.
  2565 | D:3      | Noticed Jessica
  2570 | D:3      | Killed Jessica
  2724 | D:3      | Reached *** piety under Trog
  3226 | D:3      | Found a sacrificial altar of Ru.
  3459 | D:4      | Reached XP level 7. HP: 44/48 MP: 7/7
  3874 | D:4      | Found a glowing drain.
  3878 | Sewer    | Entered a sewer
  3884 | Sewer    | Noticed HarryHood's ghost (amateur GrBe)
  3903 | Sewer    | Killed HarryHood's ghost
  4077 | Sewer    | Reached **** piety under Trog
  4665 | D:4      | Reached XP level 8. HP: 53/53 MP: 8/8
  4700 | D:5      | Entered Level 5 of the Dungeon
  4800 | D:5      | Reached skill level 5 in Armour
  4912 | D:5      | Reached ***** piety under Trog
  5126 | D:5      | Received a gift from Trog
  5133 | D:5      | Noticed Thrkk's ghost (novice DsGl)
  5155 | D:5      | Killed Thrkk's ghost
  5304 | D:6      | Reached XP level 9. HP: 57/57 MP: 9/9
  5325 | D:6      | Found Johoucy's Antique Weapon Shoppe.
  5424 | D:6      | Reached skill level 8 in Fighting
  5519 | D:6      | Noticed Dowan
  5522 | D:6      | Noticed Duvessa
  5536 | D:6      | Killed Dowan
  5554 | D:6      | Killed Duvessa
  5554 | D:6      | Reached skill level 9 in Fighting
  5770 | D:6      | Found a hazy altar of Hepliaklqana.
  5903 | D:6      | Found a sparkling altar of Nemelex Xobeh.
  6384 | D:7      | Found a staircase to the Ecumenical Temple.
  6391 | Temple   | Entered the Ecumenical Temple
  6854 | D:8      | Noticed a two-headed ogre
  6863 | D:8      | Slain by a two-headed ogre

Vault maps used:
D:1:      dpeg_arrival_morbid_curiosity
D:2:      minmay_kobold_bridge
D:3:      minmay_door_path, tso_altar, first_bread,
          chequers_ecumenical_altar_simple_redux,
          nicolae_ru_the_path_less_chosen, uniq_jessica
D:4:      gup_sewer_entry_spiral, minmay_misc_feat_encased
D:6:      kennysheep_mini_moat, serial_shops, shop_fountains,
          nemelex_diamond_rough_becter, uniq_duvessa
D:8:      marbit_many_paths, gammafunk_temple_overflow_statue
Temple:   eino_temple_scatter_basement
Sewer:    sewer_minmay_treatment

Skill      XL: |  1  2  3  4  5  6  7  8  9 |
---------------+----------------------------+-----
Fighting       | 4 5 7 9 |  9.9
Maces & Flails | 4 6 8 |  8.3
Armour         | 7 |  7.8
Dodging        | |  1.5

Action                   |  1- 3 |  4- 6 |  7- 9 || total
-------------------------+-------+-------+-------++-------
Melee: Mace              |   144 |    88 |       ||   232
       Morningstar       |       |    86 |   287 ||   373
       Dire flail        |       |       |   171 ||   171
Invok: Berserk           |       |     1 |     4 ||     5
       Trog's Hand       |       |       |     3 ||     3
Evoke: Wand              |       |       |     1 ||     1
  Use: Scroll            |     8 |     7 |     6 ||    21
  Eat: Chunk             |     3 |     6 |    18 ||    27
Armor: Animal skin       |    12 |       |       ||    12
       Leather armour    |    51 |    55 |       ||   106
       Chain mail        |       |    37 |   191 ||   228
       Ring mail         |       |    15 |       ||    15
       Plate armour      |       |       |   182 ||   182
Dodge: Dodged            |   108 |   120 |   227 ||   455
